Ducks vs MapleLeafs

Created - Wednesday, December 17, 2014 at 01:53

Goals
1 2 3 OT1 T
Ducks 1 1 1 0 3
MapleLeafs 1 0 2 1 4
Shots
1 2 3 OT1 T
Ducks 10 17 13 0 40
MapleLeafs 12 14 4 1 31

1st period

1. Ducks , Martin St. Louis 19 (Mike Richards) at 0:06
2. MapleLeafs , Dustin Brown 5 (Zach Parise, Ryan Kesler) at 15:58

Penalties :
Ryan Kesler (Tor) for Charging (Minor) at 10:28, James Neal (Ana) for Hooking (Minor) at 16:42

2nd period

3. Ducks , Mike Richards 4 (Matthew Carle, Dennis Wideman) at 13:43 (PP)

Penalties :
Drew Doughty (Tor) for High sticking (Minor) at 0:46, Zack Smith (Tor) for Elbowing (Minor) at 13:08, Ryan Kesler (Tor) for High sticking (Minor) at 13:21

3rd period

4. MapleLeafs , Ryan Kesler 12 (Zach Parise, Karl Alzner) at 1:06
5. Ducks , Dennis Wideman 6 (James Neal, Martin St. Louis) at 17:29 (PP)
6. MapleLeafs , Joe Thornton 7 (Ryan Kesler, Robyn Regehr) at 19:56

Penalties :
Kyle Palmieri (Tor) for Roughing (Double Minor) at 4:12, Lee Stempniak (Tor) for Diving (Minor) at 8:59, Zack Smith (Tor) for High sticking (Minor) at 13:37, Robyn Regehr (Tor) for Hooking (Minor) at 16:57

Overtime #1

7. MapleLeafs , Alexander Steen 19 (Joe Thornton) at 0:10

Penalties :
No Penalty

Goalie Stats

Martin Brodeur (Ana), 27 saves from 31 shots - (0.871), OTL, 8-8-2, 60:10 minutes
Cory Schneider (Tor), 37 saves from 40 shots - (0.925), W, 18-2-6, 60:02 minutes

Players Stats for Ducks

Player Name              G  A  P  +/- PIM S  H  SB GA TA FO     MP     PP MP  PK MP  
------------------------------------------------------------------------------------
Alex Grant               0  0  0   0  0   0  1  1  0  1  0/0    13:15   0:00   0:00 
Anton Stralman           0  0  0  -1  0   0  1  0  0  0  0/0    21:29   6:33   0:47 
Brett Bellemore          0  0  0   0  0   0  0  2  2  0  0/0    13:15   0:00   0:00 
Dennis Wideman           1  1  2  -2  0   7  4  0  0  0  0/0    25:26   8:06   1:12 
James Neal               0  1  1   0  2   2  2  0  2  0  2/6    21:24   8:33   0:00 
James Sheppard           0  0  0   0  0   1  0  0  0  0  0/0    11:04   0:00   0:42 
Joey Crabb               0  0  0   0  0   3  1  0  0  0  0/0     8:07   0:00   0:00 
Jonathan Huberdeau       0  0  0   0  0   3  0  0  3  0  2/7    10:16   0:00   0:00 
Marc Staal               0  0  0  -1  0   2  0  4  0  2  0/0    21:29   6:33   0:47 
Martin St. Louis         1  1  2  -1  0   6  0  0  2  1  3/4    23:01   8:33   1:26 
Matt Frattin             0  0  0   0  0   1  0  0  2  0  0/0     8:07   0:00   0:00 
Matthew Carle            0  1  1  -2  0   7  0  1  0  0  0/0    25:26   8:06   1:12 
Mike Richards            1  1  2  -1  0   1  1  0  1  0  9/19   22:46   8:33   1:17 
Patrick Kane             0  0  0  -2  0   2  0  2  2  0  0/0    18:46   6:06   0:33 
Sean Bergenheim          0  0  0  -2  0   1  2  0  0  0  0/0    18:13   6:06   0:00 
TJ Galiardi              0  0  0   0  0   3  0  0  1  1  0/0    10:16   0:00   0:00 
Tom Pyatt                0  0  0   0  0   1  0  0  1  0  4/9     8:07   0:00   0:00 
Tyler Bozak              0  0  0  -2  0   0  0  0  0  2  9/16   18:13   6:06   0:00 

Players Stats for MapleLeafs

Player Name              G  A  P  +/- PIM S  H  SB GA TA FO     MP     PP MP  PK MP  
------------------------------------------------------------------------------------
Alexander Steen          1  0  1   1  0   2  1  4  1  0  1/2    22:31   0:57   9:57 
Brandon Sutter           0  0  0   0  0   1  0  3  1  1  11/17  18:37   1:02   5:02 
Carl Gunnarsson          0  0  0   1  0   0  0  2  0  2  0/0    18:24   0:00   5:42 
Dominic Moore            0  0  0   0  0   3  1  1  0  0  0/1     9:50   0:00   0:26 
Drew Doughty             0  0  0   1  2   7  2  5  0  2  0/0    26:21   1:08   7:54 
Dustin Brown             1  0  1   2  0   1  1  0  1  0  0/1    10:19   1:02   0:00 
Gregory Campbell         0  0  0   0  0   1  1  1  1  0  0/1    15:45   0:00   3:15 
Jarred Tinordi           0  0  0   1  0   0  2  1  0  2  0/0    12:43   0:00   1:29 
Joe Thornton             1  1  2   1  0   2  0  0  1  1  4/10   12:28   0:57   0:00 
Karl Alzner              0  1  1   1  0   1  0  0  0  1  0/0    21:40   0:51   5:48 
Kyle Palmieri            0  0  0   0  4   1  1  0  3  0  0/0     9:23   0:00   0:00 
Lee Stempniak            0  0  0   0  2   1  2  1  1  0  0/2    12:29   0:00   0:00 
Marc-Edouard Vlasic      0  0  0   1  0   1  0  1  0  1  0/0    14:05   0:51   0:00 
Nick Foligno             0  0  0  -1  0   0  3  0  0  0  3/6    15:13   0:00   2:59 
Robyn Regehr             0  1  1   1  2   4  2  7  0  2  0/0    27:08   1:08   8:25 
Ryan Kesler              1  2  3   3  4   3  1  0  1  0  8/15   18:55   0:57   7:16 
Zach Parise              0  2  2   2  0   2  0  0  2  1  0/0    10:19   1:02   0:00 
Zack Smith               0  0  0   0  4   1  2  0  0  0  5/6     9:21   0:00   0:00 

3 Stars

1 - Ryan Kesler (Tor)
2 - Joe Thornton (Tor)
3 - Dustin Brown (Tor)

Power Play

Ducks - 2 on 9 Attempt(s) - 22.22%
MapleLeafs - 0 on 1 Attempt(s) - 0.00%

Penalty Kill

Ducks - 1 on 1 Attempt(s) - 100.00% - Score 0 goal in Penalty Kill
MapleLeafs - 7 on 9 Attempt(s) - 77.78% - Score 0 goal in Penalty Kill

Official

Referees : Unknown
Linesman : Unknown

Game Notes

No Game Note

Finance

Level 1 -- Attendance: 6000 (100.00%) -- Ticket Income $510,000
Level 2 -- Attendance: 4740 (94.80%) -- Ticket Income $237,000
Level 3 -- Attendance: 1890 (94.50%) -- Ticket Income $56,700
Level 4 -- Attendance: 2789 (69.73%) -- Ticket Income $55,780
Luxury Box -- Attendance: 811 (81.10%) -- Ticket Income $154,090
Game was played at the Air Canada Centre
Total Attendance: 16230 (90.17%)
Total Ticket Income: $1,013,570
Other Income: $496,649
Total Income: $1,510,219

Ducks

5 vs 5 Forward 
   Center                   Left Wing                Right Wing               Time % Phy DF OF 
 1 Mike Richards            Martin St. Louis         James Neal               35     1   2  2  
 2 Tyler Bozak              Sean Bergenheim          Patrick Kane             30     1   2  2  
 3 Jonathan Huberdeau       TJ Galiardi              James Sheppard           22     1   2  2  
 4 Tom Pyatt                Matt Frattin             Joey Crabb               13     1   2  2  

5 vs 5 Defense 
   Defense                  Defense                                           Time % Phy DF OF 
 1 Matthew Carle            Dennis Wideman                                    35     1   2  2  
 2 Marc Staal               Anton Stralman                                    30     1   2  2  
 3 Brett Bellemore          Alex Grant                                        22     1   2  2  
 4 Matthew Carle            Dennis Wideman                                    13     1   2  2  

PowerPlay Forward 
   Center                   Left Wing                Right Wing               Time % Phy DF OF 
 1 Mike Richards            Martin St. Louis         James Neal               60     1   2  2  
 2 Tyler Bozak              Sean Bergenheim          Patrick Kane             40     1   2  2  

PowerPlay Defense
   Defense                  Defense                                           Time % Phy DF OF 
 1 Matthew Carle            Dennis Wideman                                    60     1   2  2  
 2 Marc Staal               Anton Stralman                                    40     1   2  2  

Penalty Kill 4 Players Forward 
   Center                   Wing                     Time % Phy DF OF 
 1 Martin St. Louis         Mike Richards            60     1   2  2  
 2 James Neal               Patrick Kane             40     1   2  2  

Penalty Kill 4 Players Defense
   Defense                  Defense                  Time % Phy DF OF 
 1 Matthew Carle            Dennis Wideman           60     1   2  2  
 2 Marc Staal               Anton Stralman           40     1   2  2  

Penalty Kill - 3 Players Forward 
   Forward                                           Time % Phy DF OF 
 1 Martin St. Louis                                  60     1   2  2  
 2 Mike Richards                                     40     1   2  2  

Penalty Kill - 3 Players Defense
   Defense                  Defense                  Time % Phy DF OF 
 1 Matthew Carle            Dennis Wideman           60     1   2  2  
 2 Marc Staal               Anton Stralman           40     1   2  2  

4 vs 4 Forward 
   Center                   Wing                     Time % Phy DF OF 
 1 Martin St. Louis         Mike Richards            60     1   2  2  
 2 James Neal               Patrick Kane             40     1   2  2  

4 vs 4 Defense
   Defense                  Defense                  Time % Phy DF OF 
 1 Matthew Carle            Dennis Wideman           60     1   2  2  
 2 Marc Staal               Anton Stralman           40     1   2  2  

Last Minutes Offensive
   Center                   Left Wing                Right Wing               Defense                  Defense                  
   Mike Richards            Martin St. Louis         James Neal               Matthew Carle            Dennis Wideman           

Last Minutes Defensive
   Center                   Left Wing                Right Wing               Defense                  Defense                  
   Mike Richards            Martin St. Louis         James Neal               Matthew Carle            Dennis Wideman           

Goaltenders
Starting : Martin Brodeur           
Backup : Jonathan Bernier         

Extra Forwards
Normal : Jonathan Huberdeau, TJ Galiardi, James Sheppard - PP : Jonathan Huberdeau, TJ Galiardi - PK : James Sheppard
Extra Defensemen
Normal : Brett Bellemore, Matthew Carle, Marc Staal - PP : Brett Bellemore - PK : Dennis Wideman, Marc Staal
Penalty Shots
Martin St. Louis, Mike Richards, James Neal, Patrick Kane, Tyler Bozak

MapleLeafs

5 vs 5 Forward 
   Center                   Left Wing                Right Wing               Time % Phy DF OF 
 1 Joe Thornton             Alexander Steen          Nick Foligno             35     1   1  3  
 2 Ryan Kesler              Zach Parise              Dustin Brown             30     1   2  2  
 3 Brandon Sutter           Gregory Campbell         Lee Stempniak            22     1   3  1  
 4 Zack Smith               Dominic Moore            Kyle Palmieri            13     2   3  0  

5 vs 5 Defense 
   Defense                  Defense                                           Time % Phy DF OF 
 1 Drew Doughty             Robyn Regehr                                      35     1   2  2  
 2 Karl Alzner              Marc-Edouard Vlasic                               30     1   2  2  
 3 Carl Gunnarsson          Jarred Tinordi                                    22     1   4  0  
 4 Drew Doughty             Robyn Regehr                                      13     1   2  2  

PowerPlay Forward 
   Center                   Left Wing                Right Wing               Time % Phy DF OF 
 1 Joe Thornton             Alexander Steen          Ryan Kesler              60     0   1  4  
 2 Brandon Sutter           Zach Parise              Dustin Brown             40     0   1  4  

PowerPlay Defense
   Defense                  Defense                                           Time % Phy DF OF 
 1 Drew Doughty             Robyn Regehr                                      60     1   2  2  
 2 Karl Alzner              Marc-Edouard Vlasic                               40     1   2  2  

Penalty Kill 4 Players Forward 
   Center                   Wing                     Time % Phy DF OF 
 1 Ryan Kesler              Alexander Steen          60     1   2  2  
 2 Brandon Sutter           Gregory Campbell         40     1   2  2  

Penalty Kill 4 Players Defense
   Defense                  Defense                  Time % Phy DF OF 
 1 Drew Doughty             Robyn Regehr             60     1   4  0  
 2 Karl Alzner              Carl Gunnarsson          40     1   4  0  

Penalty Kill - 3 Players Forward 
   Forward                                           Time % Phy DF OF 
 1 Ryan Kesler                                       60     0   5  0  
 2 Alexander Steen                                   40     0   5  0  

Penalty Kill - 3 Players Defense
   Defense                  Defense                  Time % Phy DF OF 
 1 Drew Doughty             Robyn Regehr             60     0   5  0  
 2 Karl Alzner              Marc-Edouard Vlasic      40     0   5  0  

4 vs 4 Forward 
   Center                   Wing                     Time % Phy DF OF 
 1 Joe Thornton             Alexander Steen          60     0   1  4  
 2 Ryan Kesler              Zach Parise              40     0   2  3  

4 vs 4 Defense
   Defense                  Defense                  Time % Phy DF OF 
 1 Drew Doughty             Robyn Regehr             60     1   2  2  
 2 Karl Alzner              Marc-Edouard Vlasic      40     1   2  2  

Last Minutes Offensive
   Center                   Left Wing                Right Wing               Defense                  Defense                  
   Joe Thornton             Alexander Steen          Ryan Kesler              Drew Doughty             Robyn Regehr             

Last Minutes Defensive
   Center                   Left Wing                Right Wing               Defense                  Defense                  
   Joe Thornton             Alexander Steen          Ryan Kesler              Drew Doughty             Robyn Regehr             

Goaltenders
Starting : Cory Schneider           
Backup : Ondrej Pavelec           

Extra Forwards
Normal : Lee Stempniak, Zack Smith, Nick Foligno - PP : Lee Stempniak, Zack Smith - PK : Nick Foligno
Extra Defensemen
Normal : Carl Gunnarsson, Jarred Tinordi, Karl Alzner - PP : Carl Gunnarsson - PK : Jarred Tinordi, Karl Alzner
Penalty Shots
Joe Thornton, Alexander Steen, Ryan Kesler, Zach Parise, Dustin Brown

% Time on Ice - Ducks

Lines # - Real PCT - Wanted PCT - Time Play
Normal Forward
1 - 28% - 35% - 12:02
2 - 28% - 30% - 12:07
3 - 24% - 22% - 10:16
4 - 19% - 13% - 8:07
Normal Defense
1 - 30% - 35% - 12:56
2 - 33% - 30% - 14:09
3 - 31% - 22% - 13:15
4 - 5% - 13% - 2:12
PP Forward
1 - 58% - 60% - 8:33
2 - 42% - 40% - 6:06
PP Defense
1 - 55% - 60% - 8:06
2 - 45% - 40% - 6:33
PK Forward
1 - 72% - 60% - 1:26
2 - 28% - 40% - 0:33
PK Defense
1 - 61% - 60% - 1:12
2 - 39% - 40% - 0:47
PK3 Forward
1 - 0% - 60%
2 - 0% - 40%
PK3 Defense
1 - 0% - 60%
2 - 0% - 40%
44 Forward
1 - 100% - 60% - 0:10
2 - 0% - 40% - 0:00
44 Defense
1 - 100% - 60% - 0:10
2 - 0% - 40% - 0:00
Last Minute Offensive  - 0:00
Last Minute Defensive  - 0:50
Total
Forward - 60:10
Defense - 60:10

% Time on Ice - MapleLeafs

Lines # - Real PCT - Wanted PCT - Time Play
Normal Forward
1 - 29% - 35% - 12:26
2 - 23% - 30% - 9:44
3 - 28% - 22% - 12:03
4 - 20% - 13% - 8:39
Normal Defense
1 - 35% - 35% - 14:49
2 - 34% - 30% - 14:42
3 - 26% - 22% - 11:14
4 - 5% - 13% - 2:07
PP Forward
1 - 48% - 60% - 0:57
2 - 52% - 40% - 1:02
PP Defense
1 - 57% - 60% - 1:08
2 - 43% - 40% - 0:51
PK Forward
1 - 77% - 60% - 11:02
2 - 23% - 40% - 3:15
PK Defense
1 - 60% - 60% - 8:35
2 - 40% - 40% - 5:42
PK3 Forward
1 - 100% - 60% - 0:22
2 - 0% - 40% - 0:00
PK3 Defense
1 - 100% - 60% - 0:22
2 - 0% - 40% - 0:00
44 Forward
1 - 100% - 60% - 0:10
2 - 0% - 40% - 0:00
44 Defense
1 - 100% - 60% - 0:10
2 - 0% - 40% - 0:00
Last Minute Offensive  - 0:30
Last Minute Defensive  - 0:00
Total
Forward - 60:10
Defense - 60:10

Play by Play

1st period


0:01 of 1st period - Mike Richards wins face-off versus Joe Thornton in neutral zone.
0:06 of 1st period - Wrist shot by Martin St. Louis.
0:06 of 1st period - Goal by Martin St. Louis - Ducks : 1 - MapleLeafs : 0.
0:07 of 1st period - Ryan Kesler wins face-off versus Tyler Bozak in neutral zone.
0:44 of 1st period - Wrist shot by Patrick Kane.
0:44 of 1st period - Shot Misses the Net.
1:04 of 1st period - Slapshot by Jonathan Huberdeau.
1:04 of 1st period - Deflect By James Sheppard.
1:04 of 1st period - Stopped by Cory Schneider with a rebound.
1:06 of 1st period - Slapshot by Matthew Carle.
1:06 of 1st period - Deflect By Ryan Kesler.
1:06 of 1st period - Stopped by Cory Schneider without a rebound.
1:07 of 1st period - Joe Thornton wins face-off versus Jonathan Huberdeau in MapleLeafs zone.
1:11 of 1st period - Off-side.
1:12 of 1st period - Mike Richards wins face-off versus Joe Thornton in neutral zone.
1:32 of 1st period - Icing by Martin St. Louis.
1:33 of 1st period - Brandon Sutter wins face-off versus James Neal in Ducks zone.
1:44 of 1st period - Snap shot by Brandon Sutter.
1:44 of 1st period - Deflect By Dennis Wideman.
1:44 of 1st period - Stopped by Martin Brodeur without a rebound.
1:45 of 1st period - Tom Pyatt wins face-off versus Brandon Sutter in Ducks zone.
1:58 of 1st period - Wrist shot by Matt Frattin.
1:58 of 1st period - Shot Blocked by Lee Stempniak.
2:00 of 1st period - Slapshot by Brett Bellemore.
2:00 of 1st period - Deflect By Matt Frattin.
2:00 of 1st period - Shot Blocked by Carl Gunnarsson.
2:00 of 1st period - Puck is out of play.
2:01 of 1st period - Tom Pyatt wins face-off versus Dominic Moore in MapleLeafs zone.
2:08 of 1st period - Snap shot by Matt Frattin.
2:08 of 1st period - Shot Blocked by Robyn Regehr.
2:20 of 1st period - Slapshot by Drew Doughty.
2:20 of 1st period - Shot Misses the Net.
3:13 of 1st period - Snap shot by Alexander Steen.
3:13 of 1st period - Stopped by Martin Brodeur without a rebound.
3:14 of 1st period - Brandon Sutter wins face-off versus Jonathan Huberdeau in Ducks zone.
3:45 of 1st period - Snap shot by TJ Galiardi.
3:45 of 1st period - Stopped by Cory Schneider with a rebound.
3:47 of 1st period - Wrist shot by Jonathan Huberdeau.
3:47 of 1st period - Deflect By TJ Galiardi.
3:47 of 1st period - Shot Misses the Net.
3:47 of 1st period - Puck is out of play.
3:48 of 1st period - Tyler Bozak wins face-off versus Ryan Kesler in MapleLeafs zone.
4:03 of 1st period - Slapshot by Ryan Kesler.
4:03 of 1st period - Stopped by Martin Brodeur with a rebound.
4:25 of 1st period - Slapshot by Sean Bergenheim.
4:25 of 1st period - Shot Misses the Net.
4:56 of 1st period - Wrist shot by Alexander Steen.
4:56 of 1st period - Shot Misses the Net.
4:58 of 1st period - Wrist shot by Alexander Steen.
4:58 of 1st period - Deflect By Nick Foligno.
4:58 of 1st period - Shot Misses the Net.
4:58 of 1st period - Puck is out of play.
4:59 of 1st period - Jonathan Huberdeau wins face-off versus Brandon Sutter in Ducks zone.
6:53 of 1st period - Tyler Bozak is hit by Kyle Palmieri and loses puck.
7:06 of 1st period - Snap shot by Kyle Palmieri.
7:06 of 1st period - Shot Blocked by Alex Grant.
7:08 of 1st period - Backhand shot by Drew Doughty.
7:08 of 1st period - Stopped by Martin Brodeur with a rebound.
7:10 of 1st period - Slapshot by Robyn Regehr.
7:10 of 1st period - Deflect By Tyler Bozak.
7:10 of 1st period - Stopped by Martin Brodeur with a rebound.
7:12 of 1st period - Slapshot by Robyn Regehr.
7:12 of 1st period - Deflect By Tyler Bozak.
7:12 of 1st period - Stopped by Martin Brodeur without a rebound.
7:13 of 1st period - Ryan Kesler wins face-off versus Martin St. Louis in Ducks zone.
8:08 of 1st period - Wrist shot by Jonathan Huberdeau.
8:08 of 1st period - Shot Hit the Post.
8:10 of 1st period - Snap shot by TJ Galiardi.
8:10 of 1st period - Shot Blocked by Marc-Edouard Vlasic.
8:12 of 1st period - Wrist shot by TJ Galiardi.
8:12 of 1st period - Shot Misses the Net.
8:14 of 1st period - Slapshot by Anton Stralman.
8:14 of 1st period - Shot Misses the Net.
9:06 of 1st period - Slapshot by Dennis Wideman.
9:06 of 1st period - Shot Blocked by Gregory Campbell.
9:08 of 1st period - Slapshot by Matthew Carle.
9:08 of 1st period - Deflect By Tom Pyatt.
9:08 of 1st period - Stopped by Cory Schneider with a rebound.
9:26 of 1st period - Joe Thornton is hit by Dennis Wideman and loses puck.
10:11 of 1st period - Slapshot by Martin St. Louis.
10:11 of 1st period - Shot Blocked by Alexander Steen.
10:13 of 1st period - Slapshot by Marc Staal.
10:13 of 1st period - Shot Blocked by Robyn Regehr.
10:15 of 1st period - Slapshot by Marc Staal.
10:15 of 1st period - Stopped by Cory Schneider without a rebound.
10:16 of 1st period - Jonathan Huberdeau wins face-off versus Dustin Brown in MapleLeafs zone.
10:21 of 1st period - Snap shot by Jonathan Huberdeau.
10:21 of 1st period - Stopped by Cory Schneider with a rebound.
10:25 of 1st period - Backhand shot by Jonathan Huberdeau.
10:25 of 1st period - Stopped by Cory Schneider without a rebound.
10:26 of 1st period - Ryan Kesler wins face-off versus Jonathan Huberdeau in MapleLeafs zone.
10:28 of 1st period - Minor Penalty to Ryan Kesler for Charging.
10:29 of 1st period - Nick Foligno wins face-off versus Mike Richards in MapleLeafs zone.
10:41 of 1st period - Snap shot by Martin St. Louis.
10:41 of 1st period - Shot Misses the Net.
10:43 of 1st period - Slapshot by Matthew Carle.
10:43 of 1st period - Shot Blocked by Drew Doughty.
11:44 of 1st period - Anton Stralman is hit by Dominic Moore and loses puck.
11:51 of 1st period - Wrist shot by Patrick Kane.
11:51 of 1st period - Deflect By Sean Bergenheim.
11:51 of 1st period - Shot Misses the Net.
11:51 of 1st period - Puck is out of play.
11:52 of 1st period - Brandon Sutter wins face-off versus Mike Richards in MapleLeafs zone.
12:01 of 1st period - Slapshot by Mike Richards.
12:01 of 1st period - Shot Misses the Net.
12:03 of 1st period - Slapshot by Marc Staal.
12:03 of 1st period - Stopped by Cory Schneider without a rebound.
12:04 of 1st period - Mike Richards wins face-off versus Nick Foligno in MapleLeafs zone.
12:28 of 1st period - Penalty to Ryan Kesler is over, Ryan Kesler is back on ice.
12:55 of 1st period - Snap shot by Patrick Kane.
12:55 of 1st period - Stopped by Cory Schneider with a rebound.
13:34 of 1st period - Snap shot by James Sheppard.
13:34 of 1st period - Shot Blocked by Dominic Moore.
14:14 of 1st period - Gregory Campbell is hit by Alex Grant and loses puck.
14:48 of 1st period - Dennis Wideman is hit by Nick Foligno.
15:22 of 1st period - Snap shot by Tyler Bozak.
15:22 of 1st period - Shot Misses the Net.
15:56 of 1st period - Slapshot by Zach Parise.
15:56 of 1st period - Stopped by Martin Brodeur with a rebound.
15:58 of 1st period - Snap shot by Dustin Brown.
15:58 of 1st period - Goal by Dustin Brown - Ducks : 1 - MapleLeafs : 1.
15:59 of 1st period - Zack Smith wins face-off versus Mike Richards in neutral zone.
16:42 of 1st period - Minor Penalty to James Neal for Hooking.
16:43 of 1st period - Martin St. Louis wins face-off versus Brandon Sutter in Ducks zone.
16:43 of 1st period - Martin St. Louis is hit by Robyn Regehr.
17:20 of 1st period - Slapshot by Drew Doughty.
17:20 of 1st period - Stopped by Martin Brodeur without a rebound.
17:21 of 1st period - Martin St. Louis wins face-off versus Joe Thornton in Ducks zone.
18:10 of 1st period - Snap shot by Zach Parise.
18:10 of 1st period - Shot Blocked by Matthew Carle.
18:12 of 1st period - Snap shot by Zach Parise.
18:12 of 1st period - Shot Blocked by Patrick Kane.
18:14 of 1st period - Wrist shot by Drew Doughty.
18:14 of 1st period - Deflect By Dennis Wideman.
18:14 of 1st period - Stopped by Martin Brodeur with a rebound.
18:16 of 1st period - Snap shot by Zach Parise.
18:16 of 1st period - Shot Misses the Net.
18:32 of 1st period - Off-side.
18:33 of 1st period - Martin St. Louis wins face-off versus Joe Thornton in neutral zone.
18:42 of 1st period - Penalty to James Neal is over, James Neal is back on ice.
19:02 of 1st period - Snap shot by Kyle Palmieri.
19:02 of 1st period - Shot Misses the Net.
19:04 of 1st period - Snap shot by Dominic Moore.
19:04 of 1st period - Stopped by Martin Brodeur with a rebound.
19:06 of 1st period - Slapshot by Drew Doughty.
19:06 of 1st period - Stopped by Martin Brodeur with a rebound.
19:56 of 1st period - Tyler Bozak is hit by Jarred Tinordi and loses puck.
Goals for this period are 1 for Ducks vs 1 for MapleLeafs.
Shots for this period are 10 for Ducks vs 12 for MapleLeafs.

2nd period


0:01 of 2nd period - Joe Thornton wins face-off versus James Neal in neutral zone.
0:46 of 2nd period - Minor Penalty to Drew Doughty for High sticking.
0:47 of 2nd period - Tyler Bozak wins face-off versus Ryan Kesler in MapleLeafs zone.
1:18 of 2nd period - Alexander Steen is hit by Sean Bergenheim and loses puck.
2:46 of 2nd period - Penalty to Drew Doughty is over, Drew Doughty is back on ice.
3:02 of 2nd period - Brett Bellemore is hit by Zack Smith and loses puck.
3:35 of 2nd period - Wrist shot by Lee Stempniak.
3:35 of 2nd period - Shot Blocked by Brett Bellemore.
3:47 of 2nd period - Slapshot by Lee Stempniak.
3:47 of 2nd period - Deflect By Gregory Campbell.
3:47 of 2nd period - Stopped by Martin Brodeur without a rebound.
3:48 of 2nd period - Tom Pyatt wins face-off versus Lee Stempniak in Ducks zone.
3:53 of 2nd period - Slapshot by Marc Staal.
3:53 of 2nd period - Shot Blocked by Jarred Tinordi.
4:07 of 2nd period - Brandon Sutter is hit by Joey Crabb and loses puck.
4:33 of 2nd period - Icing by Carl Gunnarsson.
4:34 of 2nd period - Tyler Bozak wins face-off versus Brandon Sutter in MapleLeafs zone.
4:35 of 2nd period - Wrist shot by Patrick Kane.
4:35 of 2nd period - Shot Misses the Net.
5:30 of 2nd period - Joe Thornton is hit by James Neal and loses puck.
6:35 of 2nd period - Wrist shot by Kyle Palmieri.
6:35 of 2nd period - Stopped by Martin Brodeur with a rebound.
6:37 of 2nd period - Snap shot by Zack Smith.
6:37 of 2nd period - Stopped by Martin Brodeur with a rebound.
6:39 of 2nd period - Slapshot by Dominic Moore.
6:39 of 2nd period - Stopped by Martin Brodeur with a rebound.
6:41 of 2nd period - Snap shot by Dominic Moore.
6:41 of 2nd period - Shot Misses the Net.
6:43 of 2nd period - Slapshot by Karl Alzner.
6:43 of 2nd period - Stopped by Martin Brodeur with a rebound.
7:10 of 2nd period - Icing by Marc Staal.
7:11 of 2nd period - Brandon Sutter wins face-off versus Tom Pyatt in Ducks zone.
7:14 of 2nd period - Wrist shot by Lee Stempniak.
7:14 of 2nd period - Stopped by Martin Brodeur without a rebound.
7:15 of 2nd period - Brandon Sutter wins face-off versus Tom Pyatt in Ducks zone.
7:54 of 2nd period - Marc Staal is hit by Jarred Tinordi and loses puck.
8:14 of 2nd period - Jarred Tinordi is hit by James Neal and loses puck.
8:23 of 2nd period - Martin St. Louis is hit by Alexander Steen and loses puck.
8:56 of 2nd period - Snap shot by Sean Bergenheim.
8:56 of 2nd period - Stopped by Cory Schneider without a rebound.
8:57 of 2nd period - Tyler Bozak wins face-off versus Zack Smith in MapleLeafs zone.
9:11 of 2nd period - Icing by Marc Staal.
9:12 of 2nd period - Zack Smith wins face-off versus Tyler Bozak in Ducks zone.
9:17 of 2nd period - Slapshot by Drew Doughty.
9:17 of 2nd period - Stopped by Martin Brodeur with a rebound.
9:19 of 2nd period - Snap shot by Dominic Moore.
9:19 of 2nd period - Stopped by Martin Brodeur with a rebound.
9:21 of 2nd period - Snap shot by Dominic Moore.
9:21 of 2nd period - Shot Blocked by Marc Staal.
9:23 of 2nd period - Slapshot by Robyn Regehr.
9:23 of 2nd period - Deflect By Dominic Moore.
9:23 of 2nd period - Shot Hit the Post.
9:23 of 2nd period - Puck is out of play.
9:24 of 2nd period - Mike Richards wins face-off versus Joe Thornton in Ducks zone.
9:37 of 2nd period - Snap shot by James Neal.
9:37 of 2nd period - Shot Blocked by Drew Doughty.
9:39 of 2nd period - Snap shot by Matthew Carle.
9:39 of 2nd period - Shot Blocked by Robyn Regehr.
9:41 of 2nd period - Slapshot by Matthew Carle.
9:41 of 2nd period - Stopped by Cory Schneider with a rebound.
9:43 of 2nd period - Snap shot by James Neal.
9:43 of 2nd period - Stopped by Cory Schneider with a rebound.
9:45 of 2nd period - Slapshot by Matthew Carle.
9:45 of 2nd period - Shot Misses the Net.
9:47 of 2nd period - Slapshot by Matthew Carle.
9:47 of 2nd period - Stopped by Cory Schneider with a rebound.
9:49 of 2nd period - Slapshot by Matthew Carle.
9:49 of 2nd period - Stopped by Cory Schneider without a rebound.
9:50 of 2nd period - Tyler Bozak wins face-off versus Ryan Kesler in MapleLeafs zone.
10:15 of 2nd period - Wrist shot by Zach Parise.
10:15 of 2nd period - Stopped by Martin Brodeur with a rebound.
10:17 of 2nd period - Backhand shot by Marc-Edouard Vlasic.
10:17 of 2nd period - Shot Misses the Net.
10:19 of 2nd period - Snap shot by Zach Parise.
10:19 of 2nd period - Shot Blocked by Marc Staal.
10:21 of 2nd period - Slapshot by Karl Alzner.
10:21 of 2nd period - Shot Blocked by Patrick Kane.
10:23 of 2nd period - Slapshot by Marc-Edouard Vlasic.
10:23 of 2nd period - Deflect By Sean Bergenheim.
10:23 of 2nd period - Stopped by Martin Brodeur with a rebound.
12:45 of 2nd period - Joey Crabb is hit by Dustin Brown and loses puck.
12:52 of 2nd period - Snap shot by Ryan Kesler.
12:52 of 2nd period - Stopped by Martin Brodeur without a rebound.
12:53 of 2nd period - Zack Smith wins face-off versus Tom Pyatt in Ducks zone.
13:08 of 2nd period - Minor Penalty to Zack Smith for Elbowing.
13:09 of 2nd period - Mike Richards wins face-off versus Ryan Kesler in MapleLeafs zone.
13:19 of 2nd period - Snap shot by James Neal.
13:19 of 2nd period - Shot Blocked by Drew Doughty.
13:21 of 2nd period - Minor Penalty to Ryan Kesler for High sticking.
13:22 of 2nd period - Nick Foligno wins face-off versus Mike Richards in MapleLeafs zone.
13:37 of 2nd period - Wrist shot by Martin St. Louis.
13:37 of 2nd period - Shot Blocked by Robyn Regehr.
13:39 of 2nd period - Wrist shot by Dennis Wideman.
13:39 of 2nd period - Stopped by Cory Schneider with a rebound.
13:41 of 2nd period - Slapshot by Matthew Carle.
13:41 of 2nd period - Shot Misses the Net.
13:43 of 2nd period - Wrist shot by Mike Richards.
13:43 of 2nd period - Goal by Mike Richards - Ducks : 2 - MapleLeafs : 1.
13:44 of 2nd period - Mike Richards wins face-off versus Nick Foligno in neutral zone.
13:51 of 2nd period - Snap shot by Martin St. Louis.
13:51 of 2nd period - Stopped by Cory Schneider without a rebound.
13:52 of 2nd period - James Neal wins face-off versus Nick Foligno in MapleLeafs zone.
14:07 of 2nd period - Slapshot by James Neal.
14:07 of 2nd period - Shot Blocked by Robyn Regehr.
14:47 of 2nd period - Dennis Wideman is hit by Robyn Regehr and loses puck.
15:06 of 2nd period - Snap shot by Patrick Kane.
15:06 of 2nd period - Shot Blocked by Drew Doughty.
15:08 of 2nd period - Wrist shot by Patrick Kane.
15:08 of 2nd period - Shot Blocked by Robyn Regehr.
15:21 of 2nd period - Penalty to Ryan Kesler is over, Ryan Kesler is back on ice.
15:22 of 2nd period - Slapshot by Martin St. Louis.
15:22 of 2nd period - Stopped by Cory Schneider without a rebound.
15:23 of 2nd period - Ryan Kesler wins face-off versus Mike Richards in MapleLeafs zone.
16:12 of 2nd period - Wrist shot by Jonathan Huberdeau.
16:12 of 2nd period - Stopped by Cory Schneider with a rebound.
16:14 of 2nd period - Slapshot by TJ Galiardi.
16:14 of 2nd period - Stopped by Cory Schneider with a rebound.
16:16 of 2nd period - Slapshot by TJ Galiardi.
16:16 of 2nd period - Shot Misses the Net.
16:18 of 2nd period - Slapshot by TJ Galiardi.
16:18 of 2nd period - Stopped by Cory Schneider without a rebound.
16:19 of 2nd period - Zack Smith wins face-off versus Tyler Bozak in MapleLeafs zone.
16:24 of 2nd period - Wrist shot by Patrick Kane.
16:24 of 2nd period - Stopped by Cory Schneider without a rebound.
16:25 of 2nd period - Brandon Sutter wins face-off versus Tyler Bozak in MapleLeafs zone.
16:58 of 2nd period - Slapshot by Lee Stempniak.
16:58 of 2nd period - Shot Misses the Net.
17:36 of 2nd period - Icing by Carl Gunnarsson.
17:37 of 2nd period - Mike Richards wins face-off versus Ryan Kesler in MapleLeafs zone.
17:58 of 2nd period - Snap shot by Martin St. Louis.
17:58 of 2nd period - Deflect By James Neal.
17:58 of 2nd period - Stopped by Cory Schneider with a rebound.
18:00 of 2nd period - Wrist shot by Martin St. Louis.
18:00 of 2nd period - Stopped by Cory Schneider with a rebound.
18:02 of 2nd period - Slapshot by Matthew Carle.
18:02 of 2nd period - Deflect By Martin St. Louis.
18:02 of 2nd period - Stopped by Cory Schneider with a rebound.
18:04 of 2nd period - Slapshot by Matthew Carle.
18:04 of 2nd period - Deflect By Carl Gunnarsson.
18:04 of 2nd period - Stopped by Cory Schneider without a rebound.
18:05 of 2nd period - Joe Thornton wins face-off versus Tom Pyatt in MapleLeafs zone.
18:10 of 2nd period - Marc Staal is hit by Nick Foligno and loses puck.
18:15 of 2nd period - Snap shot by Joe Thornton.
18:15 of 2nd period - Shot Misses the Net.
18:17 of 2nd period - Snap shot by Joe Thornton.
18:17 of 2nd period - Stopped by Martin Brodeur with a rebound.
18:19 of 2nd period - Wrist shot by Drew Doughty.
18:19 of 2nd period - Stopped by Martin Brodeur with a rebound.
18:21 of 2nd period - Slapshot by Robyn Regehr.
18:21 of 2nd period - Stopped by Martin Brodeur without a rebound.
18:22 of 2nd period - Alexander Steen wins face-off versus Tom Pyatt in Ducks zone.
18:27 of 2nd period - Snap shot by Alexander Steen.
18:27 of 2nd period - Shot Misses the Net.
18:29 of 2nd period - Slapshot by Drew Doughty.
18:29 of 2nd period - Deflect By Joe Thornton.
18:29 of 2nd period - Shot Misses the Net.
18:29 of 2nd period - Puck is out of play.
18:30 of 2nd period - Mike Richards wins face-off versus Brandon Sutter in Ducks zone.
18:45 of 2nd period - Drew Doughty is hit by Dennis Wideman and loses puck.
19:43 of 2nd period - Anton Stralman is hit by Drew Doughty and loses puck.
19:56 of 2nd period - Joe Thornton is hit by Sean Bergenheim and loses puck.
Goals for this period are 1 for Ducks vs 0 for MapleLeafs.
Shots for this period are 17 for Ducks vs 14 for MapleLeafs.

3rd period


0:01 of 3rd period - Mike Richards wins face-off versus Joe Thornton in neutral zone.
0:18 of 3rd period - Slapshot by Martin St. Louis.
0:18 of 3rd period - Shot Misses the Net.
0:26 of 3rd period - Wrist shot by James Neal.
0:26 of 3rd period - Shot Blocked by Alexander Steen.
1:06 of 3rd period - Snap shot by Ryan Kesler.
1:06 of 3rd period - Goal by Ryan Kesler - Ducks : 2 - MapleLeafs : 2.
1:07 of 3rd period - Tyler Bozak wins face-off versus Ryan Kesler in neutral zone.
1:34 of 3rd period - Snap shot by Zach Parise.
1:34 of 3rd period - Shot Misses the Net.
1:36 of 3rd period - Snap shot by Marc-Edouard Vlasic.
1:36 of 3rd period - Shot Misses the Net.
1:38 of 3rd period - Snap shot by Marc-Edouard Vlasic.
1:38 of 3rd period - Shot Misses the Net.
3:12 of 3rd period - Slapshot by Joe Thornton.
3:12 of 3rd period - Shot Blocked by Brett Bellemore.
3:20 of 3rd period - TJ Galiardi is hit by Nick Foligno and loses puck.
4:12 of 3rd period - Double Minor Penalty to Kyle Palmieri for Roughing.
4:13 of 3rd period - Ryan Kesler wins face-off versus Mike Richards in MapleLeafs zone.
4:26 of 3rd period - Off-side.
4:27 of 3rd period - James Neal wins face-off versus Ryan Kesler in neutral zone.
4:38 of 3rd period - Wrist shot by Martin St. Louis.
4:38 of 3rd period - Shot Misses the Net.
4:40 of 3rd period - Slapshot by Matthew Carle.
4:40 of 3rd period - Shot Misses the Net.
4:42 of 3rd period - Snap shot by Dennis Wideman.
4:42 of 3rd period - Shot Blocked by Carl Gunnarsson.
4:44 of 3rd period - Snap shot by Martin St. Louis.
4:44 of 3rd period - Shot Misses the Net.
4:46 of 3rd period - Wrist shot by Dennis Wideman.
4:46 of 3rd period - Shot Misses the Net.
4:48 of 3rd period - Slapshot by Dennis Wideman.
4:48 of 3rd period - Stopped by Cory Schneider with a rebound.
4:50 of 3rd period - Slapshot by Matthew Carle.
4:50 of 3rd period - Shot Misses the Net.
4:52 of 3rd period - Slapshot by Dennis Wideman.
4:52 of 3rd period - Stopped by Cory Schneider with a rebound.
4:54 of 3rd period - Wrist shot by Dennis Wideman.
4:54 of 3rd period - Deflect By Alexander Steen.
4:54 of 3rd period - Stopped by Cory Schneider without a rebound.
4:55 of 3rd period - Ryan Kesler wins face-off versus Tyler Bozak in MapleLeafs zone.
5:31 of 3rd period - Snap shot by Marc Staal.
5:31 of 3rd period - Shot Blocked by Drew Doughty.
5:33 of 3rd period - Snap shot by Tyler Bozak.
5:33 of 3rd period - Shot Misses the Net.
6:23 of 3rd period - Snap shot by Patrick Kane.
6:23 of 3rd period - Shot Misses the Net.
6:25 of 3rd period - Slapshot by Matthew Carle.
6:25 of 3rd period - Deflect By Carl Gunnarsson.
6:25 of 3rd period - Stopped by Cory Schneider with a rebound.
6:27 of 3rd period - Wrist shot by Matthew Carle.
6:27 of 3rd period - Shot Misses the Net.
6:43 of 3rd period - Slapshot by Martin St. Louis.
6:43 of 3rd period - Shot Blocked by Brandon Sutter.
6:45 of 3rd period - Slapshot by Matthew Carle.
6:45 of 3rd period - Shot Blocked by Brandon Sutter.
6:47 of 3rd period - Snap shot by Dennis Wideman.
6:47 of 3rd period - Stopped by Cory Schneider without a rebound.
6:48 of 3rd period - Brandon Sutter wins face-off versus Mike Richards in MapleLeafs zone.
7:26 of 3rd period - Robyn Regehr is hit by Dennis Wideman and loses puck.
7:47 of 3rd period - Snap shot by Nick Foligno.
7:47 of 3rd period - Shot Blocked by Marc Staal.
8:12 of 3rd period - Penalty to Kyle Palmieri is over, Kyle Palmieri is back on ice.
8:15 of 3rd period - Snap shot by James Neal.
8:15 of 3rd period - Shot Misses the Net.
8:29 of 3rd period - Icing by Kyle Palmieri.
8:30 of 3rd period - Nick Foligno wins face-off versus Jonathan Huberdeau in MapleLeafs zone.
8:56 of 3rd period - Slapshot by TJ Galiardi.
8:56 of 3rd period - Deflect By James Sheppard.
8:56 of 3rd period - Shot Misses the Net.
8:56 of 3rd period - Puck is out of play.
8:57 of 3rd period - Tom Pyatt wins face-off versus Brandon Sutter in MapleLeafs zone.
8:59 of 3rd period - Minor Penalty to Lee Stempniak for Diving.
9:00 of 3rd period - Tyler Bozak wins face-off versus Alexander Steen in MapleLeafs zone.
10:14 of 3rd period - Wrist shot by Martin St. Louis.
10:14 of 3rd period - Stopped by Cory Schneider without a rebound.
10:15 of 3rd period - Brandon Sutter wins face-off versus Mike Richards in MapleLeafs zone.
10:56 of 3rd period - Slapshot by Drew Doughty.
10:56 of 3rd period - Stopped by Martin Brodeur with a rebound.
10:59 of 3rd period - Penalty to Lee Stempniak is over, Lee Stempniak is back on ice.
11:02 of 3rd period - Marc Staal is hit by Lee Stempniak and loses puck.
11:19 of 3rd period - Dennis Wideman is hit by Lee Stempniak and loses puck.
12:25 of 3rd period - Slapshot by Matthew Carle.
12:25 of 3rd period - Shot Blocked by Alexander Steen.
12:27 of 3rd period - Slapshot by Joey Crabb.
12:27 of 3rd period - Stopped by Cory Schneider with a rebound.
12:29 of 3rd period - Snap shot by Tom Pyatt.
12:29 of 3rd period - Shot Misses the Net.
12:31 of 3rd period - Slapshot by Matthew Carle.
12:31 of 3rd period - Shot Hit the Post.
12:35 of 3rd period - Slapshot by Dennis Wideman.
12:35 of 3rd period - Stopped by Cory Schneider with a rebound.
12:37 of 3rd period - Slapshot by Matthew Carle.
12:37 of 3rd period - Stopped by Cory Schneider with a rebound.
12:39 of 3rd period - Slapshot by Dennis Wideman.
12:39 of 3rd period - Shot Blocked by Alexander Steen.
12:41 of 3rd period - Snap shot by Joey Crabb.
12:41 of 3rd period - Stopped by Cory Schneider with a rebound.
12:43 of 3rd period - Snap shot by Joey Crabb.
12:43 of 3rd period - Stopped by Cory Schneider without a rebound.
12:44 of 3rd period - Tyler Bozak wins face-off versus Gregory Campbell in MapleLeafs zone.
13:03 of 3rd period - Icing by Marc-Edouard Vlasic.
13:04 of 3rd period - Tyler Bozak wins face-off versus Lee Stempniak in MapleLeafs zone.
13:19 of 3rd period - Marc Staal is hit by Gregory Campbell and loses puck.
13:37 of 3rd period - Minor Penalty to Zack Smith for High sticking.
13:38 of 3rd period - Ryan Kesler wins face-off versus Mike Richards in MapleLeafs zone.
14:08 of 3rd period - Dennis Wideman is hit by Ryan Kesler.
14:23 of 3rd period - Dennis Wideman is hit by Drew Doughty and loses puck.
14:46 of 3rd period - Snap shot by Tyler Bozak.
14:46 of 3rd period - Deflect By Drew Doughty.
14:46 of 3rd period - Shot Misses the Net.
14:46 of 3rd period - Puck is out of play.
14:47 of 3rd period - Brandon Sutter wins face-off versus Tyler Bozak in MapleLeafs zone.
15:37 of 3rd period - Penalty to Zack Smith is over, Zack Smith is back on ice.
15:41 of 3rd period - Karl Alzner is hit by Anton Stralman.
16:35 of 3rd period - Gregory Campbell is hit by Dennis Wideman and loses puck.
16:42 of 3rd period - Slapshot by Brett Bellemore.
16:42 of 3rd period - Shot Blocked by Robyn Regehr.
16:44 of 3rd period - Wrist shot by Joey Crabb.
16:44 of 3rd period - Shot Blocked by Brandon Sutter.
16:50 of 3rd period - Snap shot by Matt Frattin.
16:50 of 3rd period - Stopped by Cory Schneider without a rebound.
16:51 of 3rd period - Zack Smith wins face-off versus James Neal in MapleLeafs zone.
16:57 of 3rd period - Minor Penalty to Robyn Regehr for Hooking.
16:58 of 3rd period - Ryan Kesler wins face-off versus James Neal in MapleLeafs zone.
17:27 of 3rd period - Slapshot by James Neal.
17:27 of 3rd period - Shot Misses the Net.
17:29 of 3rd period - Slapshot by Dennis Wideman.
17:29 of 3rd period - Goal by Dennis Wideman - Ducks : 3 - MapleLeafs : 2.
17:30 of 3rd period - Brandon Sutter wins face-off versus Tyler Bozak in neutral zone.
17:58 of 3rd period - Snap shot by Lee Stempniak.
17:58 of 3rd period - Shot Blocked by Marc Staal.
18:00 of 3rd period - Slapshot by Drew Doughty.
18:00 of 3rd period - Shot Misses the Net.
18:02 of 3rd period - Slapshot by Robyn Regehr.
18:02 of 3rd period - Deflect By Patrick Kane.
18:02 of 3rd period - Stopped by Martin Brodeur with a rebound.
18:04 of 3rd period - Slapshot by Drew Doughty.
18:04 of 3rd period - Shot Misses the Net.
18:06 of 3rd period - Snap shot by Gregory Campbell.
18:06 of 3rd period - Shot Misses the Net.
18:34 of 3rd period - Dennis Wideman is hit by Zack Smith and loses puck.
19:41 of 3rd period - Ryan Kesler is hit by Mike Richards and loses puck.
19:48 of 3rd period - MapleLeafs, Cory Schneider is pulled from the net.
19:56 of 3rd period - Snap shot by Joe Thornton.
19:56 of 3rd period - Goal by Joe Thornton - Ducks : 3 - MapleLeafs : 3.
19:56 of 3rd period - Cory Schneider from MapleLeafs was sent back in the game.
19:57 of 3rd period - Brandon Sutter wins face-off versus Jonathan Huberdeau in neutral zone.
Goals for this period are 1 for Ducks vs 2 for MapleLeafs.
Shots for this period are 13 for Ducks vs 4 for MapleLeafs.

Overtime #1


0:01 of 1st overtime period - Joe Thornton wins face-off versus Mike Richards in neutral zone.
0:08 of 1st overtime period - Snap shot by Alexander Steen.
0:08 of 1st overtime period - Shot Misses the Net.
0:10 of 1st overtime period - Snap shot by Alexander Steen.
0:10 of 1st overtime period - Goal by Alexander Steen - Ducks : 3 - MapleLeafs : 4.
Goals for this period are 0 for Ducks vs 1 for MapleLeafs.
Shots for this period are 0 for Ducks vs 1 for MapleLeafs.


Output by the SimonT Hockey Simulator (STHS) for Eric Dolegowski -- Original Page W3C XHTML 1.0 Valid
Hockey Simulator - Hockey Simulation - Hockey Manager